 Dungeon Crawl Stone Soup version 0.26-a0-810-ge1a9524b62 (webtiles) character file.

Game seed: 12126243741935014740

3077 stormannnn the Cleaver (level 9, -4/84 HPs)
             Began as a Minotaur Fighter on Nov 12, 2020.
             Was a Believer of Makhleb.
             Slain by an orc warrior
             ... wielding a +0 battleaxe
              (15 damage)
             ... on level 8 of the Dungeon.
             The game lasted 00:08:36 (5965 turns).

stormannnn the Cleaver (Minotaur Fighter)           Turns: 5965, Time: 00:08:36

Health: -4/84      AC: 11    Str: 24    XL:     9   Next: 58%
Magic:  0/11       EV:  8    Int:  5    God:    Makhleb [**....]
Gold:   494        SH:  9    Dex: 10    Spells: 8/8 levels left

rFire    . . .     SeeInvis .   a - +0 war axe
rCold    + . .     Faith    .   c - +0 kite shield
rNeg     . . .     Spirit   +   w - +4 ring mail {rC+}
rPois    .         Reflect  .   (helmet restricted)
rElec    .         Harm     .   (no cloak)
rCorr    +         Rampage  .   (no gloves)
MR       .....                  m - +1 pair of boots
Stlth    ..........             e - amulet of guardian spirit
HPRegen  0.24/turn              i - ring of resist corrosion
MPRegen  0.12/turn              (no ring)

@: no status effects
A: retaliatory headbutt, horns 2
a: Minor Destruction, Renounce Religion


You were on level 8 of the Dungeon.
You worshipped Makhleb.
Makhleb was pleased with you.
You visited 2 branches of the dungeon, and saw 9 of its levels.

You collected 494 gold pieces.

Inventory:

Hand Weapons
 a - a +0 war axe (weapon)
Armour
 c - a +0 kite shield (worn)
 m - a +1 pair of boots (worn)
 w - a +4 ring mail of cold resistance (worn)
Jewellery
 e - an amulet of guardian spirit (around neck)
 i - a ring of resist corrosion (left hand)
Wands
 p - a wand of random effects (9)
 u - a wand of paralysis (10)
 z - a wand of flame (20)
Scrolls
 f - 11 scrolls of identify {unknown}
 h - 5 scrolls of remove curse {unknown}
 l - 2 scrolls of teleportation {unknown}
 o - a scroll of blinking {unknown}
 s - 4 scrolls of magic mapping {unknown}
 x - a scroll of vulnerability {unknown}
 y - a scroll of amnesia {unknown}
Potions
 b - a potion of flight {unknown}
 d - a potion of might
 g - 3 potions of degeneration {unknown}
 j - 3 potions of heal wounds {unknown}
 k - a potion of brilliance {unknown}
 n - 5 potions of curing {unknown}
 q - 2 potions of mutation {unknown}
 r - 2 potions of cancellation {unknown}
 t - 2 potions of berserk rage {unknown}
 v - 2 potions of lignification {unknown}


   Skills:
 + Level 9.6 Fighting
 * Level 12.3 Axes
 - Level 3.6 Armour
 - Level 3.6 Shields
 - Level 4.0 Invocations


You had 8 spell levels left.
You didn't know any spells.
Your spell library was empty.

Dungeon Overview and Level Annotations

Branches:
Dungeon (8/15)             Temple (1/1) D:5
   Lair: D:8-11

Altars:
Cheibriados
Dithmenos
Kikubaaqudgha
Makhleb
Nemelex Xobeh
Okawaru
Qazlal
Ru
Sif Muna
Trog
Uskayaw
Vehumet
Wu Jian
Yredelemnul

Shops:
D:7 [}[*[


Innate Abilities, Weirdness & Mutations

You reflexively headbutt those who attack you in melee.
You have a pair of horns on your head.


Message History

Unknown command.
You are too injured to fight recklessly!
Unknown command.
You are too injured to fight recklessly!
You closely miss the orc warrior.
The orc warrior is severely wounded.
You block the orc warrior's attack.
You hit the orc warrior but do no damage.
The orc warrior is severely wounded.
You barely miss the orc warrior. Your headbutt misses the orc warrior.
The orc warrior is severely wounded.
The orc warrior hits you with a +0 battleaxe.
You hit the orc warrior. Your headbutt misses the orc warrior.
The orc warrior is severely wounded.
The orc warrior hits you with a +0 battleaxe!!
* * * LOW HITPOINT WARNING * * *
You closely miss the orc warrior. Your headbutt misses the orc warrior.
The orc warrior is severely wounded.
The orc warrior hits you with a +0 battleaxe!
You die...

.# #.. #...#
# ##. #...# .
##..# #..##
#...# #...#
#...#####
#...(>..###
#..@.......
#...)o......
#..(.#.......
#.....#
.......
.....#
....... .>..#
....... ###.
....... #
.......


You could see an orc warrior.

Vanquished Creatures
  Pikel (D:7)
  Prince Ribbit (D:5)
  Duvessa (D:4)
  A water moccasin (D:6)
  An orc warrior (D:6)
  A sky beast (D:7)
  3 eyes of draining (D:5)
  3 phantoms
  4 lemures (D:7)
  4 bullfrogs
  Dowan (D:4)
  3 scorpions
  An oklob sapling (D:5)
  4 wights (D:6)
  2 howler monkeys
  A centaur zombie (D:5)
  An orc priest (D:3)
  2 hounds
  5 orc wizards
  A bullfrog zombie (D:7)
  Jessica (D:3)
  6 worker ants
  A hound skeleton (D:6)
  2 howler monkey zombies
  7 adders
  4 gnolls (D:2)
  3 shadow imps
  2 white imps
  4 ufetubi
  An ooze (D:1)
  2 adder zombies
  An adder skeleton (D:7)
  4 worms
  3 dart slugs
  A leopard gecko (D:4)
  16 orcs
  4 ball pythons
  4 giant cockroaches
  5 goblins
  8 hobgoblins
  4 jackals
  9 kobolds
  3 quokkas
  5 bats
  4 frilled lizards
  10 rats
155 creatures vanquished.

Vanquished Creatures (others)
  13 plants (D:5)
13 creatures vanquished.

Grand Total: 168 creatures vanquished

Notes
Turn   | Place    | Note
-------+----------+-------------------------------------------
     0 | D:1      | stormannnn the Minotaur Fighter began the quest for the
                  | Orb.
     0 | D:1      | Reached XP level 1. HP: 19/19 MP: 0/0
    51 | D:1      | Reached skill level 3 in Axes
    54 | D:1      | Reached XP level 2. HP: 27/27 MP: 1/1
   751 | D:2      | Reached XP level 3. HP: 33/33 MP: 2/2
   829 | D:2      | Reached skill level 4 in Axes
   879 | D:2      | Found a snail-covered altar of Cheibriados.
   892 | D:2      | Reached XP level 4. HP: 21/41 MP: 1/3
  1296 | D:2      | Reached skill level 5 in Axes
  1423 | D:3      | Noticed Jessica
  1427 | D:3      | Killed Jessica
  1431 | D:3      | Found a sparkling altar of Nemelex Xobeh.
  1435 | D:3      | Found an ornate altar of the Wu Jian Council.
  1440 | D:3      | Found an ancient bone altar of Kikubaaqudgha.
  1568 | D:3      | Reached XP level 5. HP: 47/47 MP: 4/4
  1773 | D:3      | Reached skill level 5 in Fighting
  1777 | D:3      | Reached skill level 6 in Axes
  2009 | D:3      | Found a burning altar of Makhleb.
  2192 | D:3      | Became a worshipper of Makhleb the Destroyer
  2279 | D:4      | Reached XP level 6. HP: 48/56 MP: 3/5
  2401 | D:4      | Noticed Duvessa
  2401 | D:4      | Noticed Dowan
  2416 | D:4      | Killed Duvessa
  2416 | D:4      | Reached skill level 7 in Axes
  2424 | D:4      | Killed Dowan
  2554 | D:4      | Reached XP level 7. HP: 62/63 MP: 6/6
  2584 | D:4      | Found a shimmering blue altar of Sif Muna.
  2648 | D:4      | Reached skill level 8 in Axes
  3015 | D:4      | Found a hide-covered altar of Uskayaw.
  3157 | D:5      | Entered Level 5 of the Dungeon
  3233 | D:5      | Found a staircase to the Ecumenical Temple.
  3465 | D:5      | Noticed Prince Ribbit
  3475 | D:5      | Killed Prince Ribbit
  3475 | D:5      | Reached skill level 9 in Axes
  3475 | D:5      | Reached skill level 1 in Invocations
  3589 | D:5      | Found a bloodstained altar of Trog.
  3611 | D:5      | Reached XP level 8. HP: 73/73 MP: 0/8
  3624 | D:5      | Got a twisted helmet
  4074 | D:5      | Reached * piety under Makhleb
  4090 | Temple   | Entered the Ecumenical Temple
  4184 | D:5      | Found an ornate altar of the Wu Jian Council.
  4316 | D:6      | Reached skill level 10 in Axes
  4389 | D:6      | Found a sacrificial altar of Ru.
  4559 | D:6      | Found a shadowy altar of Dithmenos.
  4711 | D:6      | Reached XP level 9. HP: 77/82 MP: 8/11
  4852 | D:6      | Reached skill level 11 in Axes
  4928 | D:6      | Found a basalt altar of Yredelemnul.
  5088 | D:7      | Noticed Pikel
  5117 | D:7      | Killed Pikel
  5137 | D:7      | Reached ** piety under Makhleb
  5316 | D:7      | Found Ipoize Napa's Assorted Antiques.
  5406 | D:7      | Reached skill level 12 in Axes
  5418 | D:7      | Found Ucrenot's Armour Emporium.
  5508 | D:7      | Found a radiant altar of Vehumet.
  5554 | D:7      | Found Wewilig's Antique Armour Shoppe.
  5599 | D:7      | Found Weut's Gadget Shop.
  5757 | D:7      | Found Seext's Antique Armour Shop.
  5965 | D:8      | Slain by an orc warrior

Illustrated notes

Levels and vault maps discovered:
D:1:      lordsloth_arrival_two_stooges, layout_basic
D:2:      layout_rooms, lemuel_doored_altar, kennysheep_generic_room_11
D:3:      layout_basic, lemuel_round_altar, minmay_overflow_temple_star_quad,
          uniq_jessica
D:4:      minmay_skewed_foursquare, layout_basic,
          eat_drink_and_be_merry_uskayaw, led_sif_pool, uniq_duvessa
D:5:      layout_gridville, trog_eyes_of_draining, minmay_temple_entry_oklob,
          basic_altar, uniq_prince_ribbit1
D:6:      layout_rooms, nicolae_overflow_hidden_temple, marbit_many_paths,
          nicolae_ru_the_path_less_chosen
D:7:      layout_cave_pools, vehumet_altar_wand_db, serial_shops,
          nicolae_shop_overgrown_old_shop, shop_coins, shop,
          nicolae_shop_window_shopping, nicolae_shop_statue_plus,
          grunt_decor_resistance, uniq_pikel
D:8:      layout_cave_pods, hangedman_abyss_or_decor_stabs
Temple:   dpeg_chambers_temple

Skill      XL: |  1  2  3  4  5  6  7  8  9 |
---------------+----------------------------+-----
Axes           | 3 4 5 6 7 9 10 12 | 12.3
Fighting       | 4 5 6 7 8 9 |  9.6
Invocations    | 1 4 |  4.0
Armour         | |  3.6
Shields        | |  3.6

Action                   |  1- 3 |  4- 6 |  7- 9 || total
-------------------------+-------+-------+-------++-------
Melee: War axe           |    56 |   120 |   302 ||   478
       Headbutt          |    10 |    24 |    56 ||    90
Armor: Scale mail        |     9 |       |       ||     9
       Plate armour      |    24 |    62 |     7 ||    93
       Ring mail         |       |       |   106 ||   106
Dodge: Dodged            |     7 |    14 |    88 ||   109
Block: Kite shield       |    27 |    68 |   111 ||   206

Table legend: (Time is in decaauts)
 A = Elapsed time spent in this place.
 B = Non-inter-level travel time spent in this place.
 C = Inter-level travel time spent in this place.
 D = Time resting spent in this place.
 E = Time spent auto-exploring this place.
 F = Levels seen in this place.
 G = Mean time per level.
                   A        B        C        D        E       F      G
               +--------+--------+--------+--------+--------+-----+--------+
         Total |   6042 |   5721 |    321 |    424 |   4252 |   9 |  671.3 |
       Dungeon |   6040 |   5719 |    321 |    424 |   4252 |   8 |  755.0 |
        Temple |      1 |      1 |      0 |      0 |      0 |   1 |    1.0 |
               +--------+--------+--------+--------+--------+-----+--------+

Top non-repeatable levels by time:
     D:5: 1133 daAuts
     D:4: 966 daAuts
     D:7: 831 daAuts
     D:3: 824 daAuts
     D:6: 804 daAuts
     D:1: 737 daAuts
     D:2: 691 daAuts
     D:8: 51 daAuts
  Temple: 1 daAuts
